 Dungeon Crawl Stone Soup version 0.29-a0-384-g6960b1960d (webtiles) character file.

Game seed: 13021045191485450966

4 lesaewzxc the Sneak (level 1, -2/12 HPs)
             Began as a Kobold Brigand on May 6, 2022.
             Slain by a goblin
             ... wielding a +0 club
              (4 damage)
             ... on level 1 of the Dungeon.
             The game lasted 00:01:35 (177 turns).

lesaewzxc the Sneak (Kobold Brigand)                 Turns: 177, Time: 00:01:36

Health: -2/12      AC:  6    Str:  8    XL:     1   Next: 77%
Magic:  1/1        EV: 12    Int: 12    God:
Gold:   50         SH:  0    Dex: 16    Spells: 0/0 levels left

rFire   . . .      SeeInvis .   a - +2 dagger
rCold   . . .      Faith    .   (no shield)
rNeg    . . .      Spirit   .   g - +0 ring mail
rPois   .          Reflect  .   (no helmet)
rElec   .          Harm     .   c - +0 cloak
rCorr   .          Rampage  .   (no gloves)
Will    .....                   (no boots)
Stlth   +++.......              (no amulet)
HPRegen 0.04/turn               (no ring)
MPRegen 0.07/turn               (no ring)

@: no status effects
A: small, no large weapons, nightstalker 3
a: no special abilities


You were on level 1 of the Dungeon.
You visited 1 branch of the dungeon, and saw 1 of its levels.

You collected 50 gold pieces.

Inventory:

Hand Weapons
 a - a +2 dagger (weapon)
Missiles
 d - 9 poisoned darts (quivered)
 e - 3 curare-tipped darts
Armour
 b - a +0 robe
 c - a +0 cloak (worn)
 g - a +0 ring mail (worn)
Scrolls
 h - a scroll of identify {unknown}
Potions
 f - 2 potions of degeneration {unknown}


   Skills:
 * Level 2.2 Fighting
 - Level 2.6 Short Blades
 * Level 0.3 Crossbows
 * Level 2.3 Throwing
 + Level 0.0 Armour
 * Level 1.3 Dodging
 * Level 5.3 Stealth
 + Level 0.0 Spellcasting


You couldn't memorise any spells.
You didn't know any spells.
Your spell library contained the following spells:

 Spells                   Type           Power      Damage    Failure   Level
 Gell's Gravitas          Tloc           0%         N/A       97%         3
 Lesser Beckoning         Tloc           0%         N/A       97%         3
 Teleport Other           Tloc           0%         N/A       97%         3


Dungeon Overview and Level Annotations

Branches:
Dungeon (1/15)

Altars:


Innate Abilities, Weirdness & Mutations

You are small and have problems with some larger weapons.
You are completely attuned to the shadows.


Message History

The goblin shouts!
The giant cockroach barely misses you.
A quokka comes into view.
The giant cockroach bites you but does no damage.
The giant cockroach bites you but does no damage.
You see here 14 gold pieces.
You hit the giant cockroach.
The giant cockroach is moderately wounded.
The goblin closely misses you. The giant cockroach closely misses you.
The quokka misses you.
You barely miss the quokka.
The giant cockroach bites you but does no damage.
The goblin misses you.
The quokka bites you but does no damage.
You barely miss the giant cockroach.
The giant cockroach is moderately wounded.
The giant cockroach bites you but does no damage.
The goblin hits you with a +0 club. The quokka bites you.
You hit the giant cockroach.
The giant cockroach is heavily wounded.
The giant cockroach bites you.
The quokka bites you but does no damage.
The goblin hits you but does no damage.
You closely miss the giant cockroach.
The giant cockroach is heavily wounded.
The giant cockroach bites you but does no damage.
The quokka barely misses you.
You hit the giant cockroach.
You kill the giant cockroach!
The goblin barely misses you.
The quokka bites you but does no damage.
You miss the quokka. The goblin hits you with a +0 club.
The quokka closely misses you.
You barely miss the quokka. The goblin completely misses you.
The quokka bites you.
* * * LOW HITPOINT WARNING * * *
You hit the quokka.
The quokka is heavily wounded.
The quokka barely misses you. The goblin hits you with a +0 club.
You die...

....#.#.##+## #
....#.#.##.# #
........#.#.##.# #
.....##.#†#.##†# #
......+....#.##.# #
...!..###.##.##.# #
......'.........#####
.....g###.###...'....
...r@.# #.# #...#####
......# #.#####.#
####### #..# #.# ##.#
#.# #.## #.# #..# #.#
##.###.# #..##.#
##.##.#


You could see a quokka and a goblin.

Vanquished Creatures
  A giant cockroach (D:1)
  A hobgoblin (D:1)
  A quokka (D:1)
  A bat (D:1)
4 creatures vanquished.

Notes
Turn   | Place    | Note
-------+----------+-------------------------------------------
     0 | D:1      | lesaewzxc the Kobold Brigand began the quest for the Orb.
     0 | D:1      | Reached XP level 1. HP: 12/12 MP: 1/1
   177 | D:1      | Slain by a goblin

Illustrated notes

Levels and vault maps discovered:
D:1:      nzn_arrival_settlement, layout_basic

Action                   || total
-------------------------++-------
Melee: Dagger            ||    12
  Use: Scroll            ||     2
 Stab: Sleeping          ||     2
Armor: Ring mail         ||     9
       Robe              ||     1
Dodge: Dodged            ||    14

Table legend: (Time is in decaauts)
 A = Elapsed time spent in this place.
 B = Non-inter-level travel time spent in this place.
 C = Inter-level travel time spent in this place.
 D = Time resting spent in this place.
 E = Time spent auto-exploring this place.
 F = Levels seen in this place.
 G = Mean time per level.
                   A        B        C        D        E       F      G
               +--------+--------+--------+--------+--------+-----+--------+
         Total |    175 |    175 |      0 |      0 |      0 |   1 |  175.0 |
       Dungeon |    175 |    175 |      0 |      0 |      0 |   1 |  175.0 |
               +--------+--------+--------+--------+--------+-----+--------+

Top non-repeatable levels by time:
     D:1: 175 daAuts
